 Dungeon Crawl Stone Soup version 0.29.1-2-gbd0b4ee654 (webtiles) character file.

Game seed: 18430418268042795768

277 GigaChad the Covered (level 6, -5/55 HPs)
             Began as a Minotaur Fighter on Nov 22, 2022.
             Was a Believer of Zin.
             Slain by Sigmund
             ... wielding a +1 vorpal scythe
              (8 damage)
             ... on level 4 of the Dungeon.
             The game lasted 00:06:40 (3304 turns).

GigaChad the Covered (Minotaur Fighter)             Turns: 3304, Time: 00:06:41

Health: -5/55      AC:  7    Str: 24    XL:     6   Next: 4%
Magic:  5/5        EV:  9    Int:  5    God:    Zin [**....]
Gold:   56         SH:  5    Dex: 12    Spells: 5/5 levels left

rFire   . . .      SeeInvis .   h - +5 spear "Xaxzoosa" {freeze, Fly Str+2 Dex+2}
rCold   . . .      Faith    .   c - +0 buckler
rNeg    . . .      Spirit   .   b - +0 scale mail
rPois   +          Reflect  .   (helmet restricted)
rElec   .          Harm     .   (no cloak)
rCorr   .          Rampage  .   (no gloves)
Will    .....                   (no boots)
Stlth   ..........              (no amulet)
HPRegen 0.18/turn               f - ring of poison resistance
MPRegen 0.09/turn               (no ring)

@: flying
A: horns 2, retaliatory headbutt
a: Renounce Religion, Recite, Vitalisation, Donate Gold


You were on level 4 of the Dungeon.
You worshipped Zin.
Zin was pleased with you.
You visited 1 branch of the dungeon, and saw 4 of its levels.

You collected 112 gold pieces.
You donated 56 gold pieces to Zin.

Inventory:

Hand Weapons
 a - a +0 war axe
 h - the +5 spear "Xaxzoosa" (weapon) {freeze, Fly Str+2 Dex+2}
   (You found it on level 2 of the Dungeon)

   It freezes those it strikes, dealing additional cold damage.
   It can also slow down cold-blooded creatures.
   Str:       It affects your strength (+2).
   Dex:       It affects your dexterity (+2).
   Fly:       It grants you flight.
 m - a +1 spectral club
Missiles
 i - 3 atropa-tipped darts (quivered)
 k - a throwing net
Armour
 b - a +0 scale mail (worn)
 c - a +0 buckler (worn)
Jewellery
 f - a ring of poison resistance (left hand)
Scrolls
 g - a scroll of magic mapping
 j - 2 scrolls of identify
 n - a scroll of vulnerability {unknown}
Potions
 d - a potion of might
 e - a potion of resistance {unknown}
 l - 2 potions of lignification {unknown}
 o - a potion of curing {unknown}
 p - 2 potions of magic {unknown}
 q - a potion of brilliance {unknown}


   Skills:
 + Level 4.8 Fighting
 - Level 2.8(3.9) Axes
 * Level 4.2(4.6) Polearms
 + Level 5.2 Armour
 + Level 4.4 Shields


You had 5 spell levels left.
You didn't know any spells.
Your spell library contained the following spells:

 Spells                   Type           Power      Damage    Failure   Level
 Static Discharge         Conj/Air       0%         3-3/arc   94%         2
 Conjure Flame            Conj/Fire      0%         6-21      99%         3
 Ignite Poison            Fire/Tmut/Pois 0%         N/A       99%         3
 Dispel Undead            Necr           0%         3d6       100%        4
 Sticky Flame             Conj/Fire      0%         2d3       100%        4
 Summon Forest            Summ/Tloc      0%         N/A       100%        5
 Eringya's Noxious Bog    Tmut/Pois      0%         N/A       100%        6
 Summon Hydra             Summ           0%         N/A       100%        7


Dungeon Overview and Level Annotations

Branches:
Dungeon (4/15)
 Temple: D:4-7

Altars:
Zin
The Shining One

Annotations:
D:4 Sigmund


Innate Abilities, Weirdness & Mutations

You have a pair of horns on your head.
You reflexively headbutt those who attack you in melee.


Message History

Your body is wracked with pain!
* * * LOW HITPOINT WARNING * * *
A hobgoblin comes into view.
Menkaure calls on the powers of darkness!
Your body is wracked with pain!
* * * LOW HITPOINT WARNING * * *
Sigmund the Dreaded comes into view.
He is wielding a +1 vorpal scythe.
Sigmund shouts!
Sigmund moves out of view.
You hit Menkaure. You headbutt Menkaure.
Menkaure is lightly damaged.
Menkaure mumbles some strange words.
Menkaure seems to speed up.
You hit Menkaure.
Menkaure is moderately damaged.
Menkaure hits you!
* * * LOW HITPOINT WARNING * * *
You barely miss Menkaure.
Menkaure is moderately damaged.
Menkaure barely misses you.
You hit Menkaure. You freeze Menkaure.
Menkaure is heavily damaged.
You block Menkaure's attack.
You barely miss Menkaure.
Menkaure is heavily damaged.
You block Menkaure's attack. Menkaure closely misses you.
You hit Menkaure. You freeze Menkaure.
Menkaure is severely damaged.
Menkaure barely misses you. You furiously retaliate!
You headbutt Menkaure. You closely miss Menkaure. You headbutt Menkaure.
Menkaure is almost destroyed.
Sigmund gestures wildly while chanting.
Sigmund flickers and vanishes!
Deactivating autopickup; reactivate with Ctrl-A.
You block Menkaure's attack.
You puncture Menkaure!
You destroy Menkaure!
Zin accepts your kill. Something hits you!
You die...

#.#.###.#
#####.#.###.#####
......#...#.....# #
#.....#.######.####
#.......######..... .
#.....).....####### ...
#.....#####.##.....
.....#.....#...#'##.####
#..@.....#......##..
#{.......#.....###.#
.....###+#......).# #..
...g## #####....# ###
... #....# #. ..
#....####' . #.........
####...... #......


You could see a hobgoblin.

Vanquished Creatures
  Menkaure (D:4)
  A hound (D:4)
  Ijyb (D:4)
  Jessica (D:3)
  Natasha (D:4)
  Robin (D:3)
  4 adders
  3 gnolls (D:3)
  2 dart slugs
  6 orcs (D:3)
  8 endoplasms
  5 giant cockroaches
  14 goblins
  9 hobgoblins
  3 jackals (D:3)
  2 quokkas
  5 ball pythons
  5 bats
  6 frilled lizards
  6 kobolds
  4 rats
88 creatures vanquished.

Notes
Turn   | Place    | Note
-------+----------+-------------------------------------------
     0 | D:1      | GigaChad the Minotaur Fighter began the quest for the Orb.
     0 | D:1      | Reached XP level 1. HP: 19/19 MP: 0/0
   123 | D:1      | Reached XP level 2. HP: 20/27 MP: 1/1
   225 | D:1      | Found a faded altar of an unknown god.
   256 | D:1      | Prayed at the altar of an unknown god.
   256 | D:1      | Became a worshipper of Zin the Law-Giver
   256 | D:1      | Reached * piety under Zin
   289 | D:1      | Reached skill level 4 in Armour
   743 | D:1      | Reached XP level 3. HP: 33/33 MP: 2/2
  1137 | D:2      | Identified the +5 spear "Xaxzoosa" {freeze, Fly Str+2
                  | Dex+2}
  1606 | D:2      | Reached skill level 1 in Polearms
  1845 | D:3      | Reached XP level 4. HP: 19/41 MP: 3/3
  2396 | D:3      | Found a glowing golden altar of the Shining One.
  2455 | D:3      | Donated 30 gold pieces to Zin
  2465 | D:3      | Donated 15 gold pieces to Zin
  2499 | D:3      | Noticed Robin
  2504 | D:3      | Killed Robin
  2508 | D:3      | Reached XP level 5. HP: 24/47 MP: 4/4
  2539 | D:3      | Reached ** piety under Zin
  2833 | D:3      | Noticed Jessica
  2849 | D:3      | Killed Jessica
  2850 | D:3      | Reached skill level 5 in Armour
  3216 | D:4      | Noticed Natasha
  3223 | D:4      | Killed Natasha
  3225 | D:4      | Noticed Ijyb
  3233 | D:4      | Killed Ijyb
  3290 | D:4      | Reached XP level 6. HP: 55/55 MP: 5/5
  3291 | D:4      | Noticed Menkaure
  3296 | D:4      | Noticed Sigmund
  3298 | D:4      | HP: 2/55 [Menkaure (8)]
  3304 | D:4      | Killed Menkaure
  3304 | D:4      | Slain by Sigmund

Illustrated notes

Levels and vault maps discovered:
D:1:      dpeg_arrival_lava_temple_mockup, layout_loops_ring,
          dreamdust_ecumenical_altar_statues
D:2:      layout_basic
D:3:      layout_rooms, mainiacjoe_overflow_tiny_flanked, grunt_ministairs_8,
          minmay_bisected, uniq_robin, uniq_jessica
D:4:      minmay_chambers_of_fours, layout_basic, lemuel_blue_sif_altar,
          uniq_natasha, uniq_sigmund, uniq_menkaure, uniq_ijyb

Skill      XL: |  1  2  3  4  5 |
---------------+----------------+-----
Fighting       | 4 |  4.8
Armour         | 4 5 |  5.2
Shields        | 4 |  4.4
Polearms       | 1 2 4 |  4.2
Axes           | |  2.8

Action                   |  1- 3 |  4- 6 || total
-------------------------+-------+-------++-------
Melee: War axe           |    45 |       ||    45
       Headbutt          |     5 |    10 ||    15
       Spear             |    22 |    85 ||   107
Throw: Throwing net      |     1 |       ||     1
       Dart              |       |     1 ||     1
Invok: Donate Gold       |       |     2 ||     2
  Use: Scroll            |     2 |     1 ||     3
Armor: Scale mail        |    44 |    35 ||    79
Dodge: Dodged            |    44 |    43 ||    87
Block: Buckler           |    17 |    21 ||    38
